 Dungeon Crawl Stone Soup version 0.30-b1-2-g02819fbbbe (webtiles) character file.

Game seed: 2581487187729342657

688 raph the Sneak (level 7, -13/40 HPs)
             Began as a Kobold Enchanter on Jan 8, 2024.
             Was an Initiate of Dithmenos.
             Mangled by an ogre
             ... wielding a +0 giant club
              (29 damage)
             ... on level 5 of the Dungeon.
             The game lasted 00:07:09 (5879 turns).

raph the Sneak (Kobold Enchanter)                   Turns: 5879, Time: 00:07:09

Health: -13/40     AC:  8    Str: 11    XL:     7   Next: 94%
Magic:  11/11      EV: 19    Int: 16    God:    Dithmenos [......]
Gold:   236        SH:  0    Dex: 18    Spells: 2/12 levels left

rFire   . . .        b - +5 dagger (elec)
rCold   . . .        (no shield)
rNeg    . . .        A - +3 leather armour {Will+}
rPois   .            (no helmet)
rElec   .            m - scarf {shadows}
rCorr   .            o - +0 pair of gloves
SInv    .            j - +0 pair of boots
Will    +....        (no amulet)
Stlth   +++++        e - +5 ring of evasion
HPRegen 0.26/turn    f - +6 ring of strength
MPRegen 0.12/turn

%: no passive effects
@: no status effects
A: small, no large weapons, nightstalker 3
a: Renounce Religion


You were on level 5 of the Dungeon.
You worshipped Dithmenos.
Dithmenos was noncommittal.
You visited 1 branch of the dungeon, and saw 5 of its levels.

You collected 236 gold pieces.

Inventory:

Hand Weapons
 a - a +1 dagger of venom
 b - a +5 dagger of electrocution (weapon)
 u - a +0 rapier
Missiles
 p - 2 throwing nets (quivered)
 s - 5 poisoned darts
Armour
 j - a +0 pair of boots (worn)
 m - a scarf of shadows (worn)
 o - a +0 pair of gloves (worn)
 x - a +0 robe
 A - a +3 leather armour of willpower (worn)
Jewellery
 e - a +5 ring of evasion (left hand)
 f - a +6 ring of strength (right hand)
 i - a +6 ring of strength
Wands
 v - a wand of iceblast (5)
 z - a wand of flame (16)
Potions
 c - 2 potions of invisibility
 d - a potion of berserk rage {unknown}
 g - 2 potions of attraction
 h - 3 potions of curing
 k - a potion of lignification
 l - 2 potions of resistance
 n - 2 potions of flight
 q - a potion of mutation
 r - a potion of haste
 w - a potion of might


   Skills:
 + Level 2.8 Fighting
 * Level 5.1 Short Blades
 - Level 2.4 Dodging
 * Level 7.8 Stealth
 + Level 3.2 Spellcasting
 * Level 4.7 Hexes


You had 2 spell levels left.
You knew the following spells:

 Your Spells              Type           Power      Damage    Failure   Level
a - Ensorcelled Hibernat  Hex/Ice        20%        N/A       14%         2
b - Confusing Touch       Hex            17%        N/A       10%         3
c - Tukima's Dance        Hex            17%        N/A       10%         3
d - Passwall              Tmut/Erth      1%         N/A       36%         2

Your spell library contained the following spells:

 Spells                   Type           Power      Damage    Failure   Level
 Sandblast                Erth           4%         2d4       24%         1
 Wereblood                Tmut           2%         N/A       36%         2
 Dazzling Flash           Conj/Hex       20%        N/A       26%         3
 Stone Arrow              Conj/Erth      4%         3d7       58%         3
 Conjure Ball Lightning   Conj/Air       1%         3x3d6     100%        6
 Maxwell's Capacitive Co  Air            1%         ∞         100%        8


Dungeon Overview and Level Annotations

Branches:
Dungeon (5/15)
 Temple: D:4-7

Altars:
Dithmenos


Innate Abilities, Weirdness & Mutations

You are small and have problems with some larger weapons.
You are completely attuned to the shadows.


Message History

Found a club.
You see here a +0 club.
B - a metallic ruby potion
As you read the scroll of identify, it crumbles to dust.
B - a potion of degeneration You drop a potion of haste.
You drop a scroll labelled ITOFACSUIPP.
You drop a potion of degeneration.
Throw: 2 throwing nets
Press: ? - help, Q - select action, (/) - cycle Shift-Dir - straight line, f - you Marked for pickup.
Okay, then.
Your movement speed is average.
Your attack delay is about 0.7.
Your damage rating with your +5 dagger of electrocution is about 10 (Base 4 x 120% (Dex) x 115% (Skill) + 5 (Ench)).
Your base attributes are Str 5, Int 16, Dex 18.
t - a scroll labelled ITOFACSUIPP;
r - a potion of haste
As you read the scroll labelled ITOFACSUIPP, it crumbles to dust.
You feel strangely unstable.
It was a scroll of teleportation.
You start waiting.
Your surroundings suddenly seem different.
An ogre comes into view. It is wielding a +0 giant club.
Found a spear, a scroll of teleportation and 7 gold pieces.
The ogre shouts!
You hit the ogre.
The ogre is lightly wounded.
You hit the ogre.
The ogre is lightly wounded.
The ogre barely misses you.
You hit the ogre.
The ogre is moderately wounded.
You hit the ogre. Lightning courses through the ogre!
The ogre is severely wounded.
The ogre hits you with a +0 giant club!!
You hit the ogre.
The ogre is almost dead.
The ogre hits you with a +0 giant club. The ogre attacks as you move away!
The ogre hits you with a +0 giant club!!
Ouch! That really hurt!
You die...

###
##...
##....
#.@...
#.O?.$
#.....
##....
##.).
### ##
.. #.


You could see an ogre.

Vanquished Creatures
  Eustachio (D:5)
  Menkaure (D:5)
  3 phantoms (D:4)
  An orc priest (D:3)
  A gnoll bouda (D:5)
  Ijyb (D:5)
  3 gnolls (D:5)
  3 adders (D:3)
  A worm (D:3)
  2 dart slugs
  4 orcs (D:3)
  2 bats
  5 endoplasms
  2 giant cockroaches
  8 goblins
  5 hobgoblins
  7 jackals
  3 quokkas (D:3)
  4 ball pythons
  4 frilled lizards (D:2)
  4 kobolds
  4 rats
  A bush (D:2)
70 creatures vanquished.

Vanquished Creatures (others)
  5 plants (D:2)
5 creatures vanquished.

Grand Total: 75 creatures vanquished

Notes
Turn   | Place    | Note
-------+----------+-------------------------------------------
     0 | D:1      | raph the Kobold Enchanter began the quest for the Orb.
     0 | D:1      | Reached XP level 1. HP: 10/10 MP: 3/3
   138 | D:1      | Reached XP level 2. HP: 15/15 MP: 5/5
   165 | D:1      | Reached skill level 5 in Stealth
   239 | D:1      | Got the Compilation of the Sea
   401 | D:1      | Learned a level 2 spell: Ensorcelled Hibernation
   557 | D:1      | Reached XP level 3. HP: 19/19 MP: 1/6
   715 | D:1      | You fall into a shaft and drop 1 floor!
   933 | D:2      | Found a faded altar of an unknown god.
  2241 | D:3      | Reached XP level 4. HP: 22/24 MP: 7/7
  2245 | D:3      | Learned a level 3 spell: Confusing Touch
  2254 | D:3      | Reached skill level 1 in Fighting
  2404 | D:3      | Reached skill level 6 in Stealth
  3224 | D:3      | Reached XP level 5. HP: 12/29 MP: 8/8
  3803 | D:4      | Learned a level 3 spell: Tukima's Dance
  3814 | D:4      | Found a shadowy altar of Dithmenos.
  3818 | D:4      | Became a worshipper of Dithmenos the Shadowed
  3845 | D:4      | Noticed a phantom
  3863 | D:4      | Killed a phantom
  3864 | D:4      | Reached XP level 6. HP: 25/35 MP: 3/9
  4496 | D:4      | Reached skill level 7 in Stealth
  4526 | D:4      | Learned a level 2 spell: Passwall
  5164 | D:5      | Entered Level 5 of the Dungeon
  5186 | D:5      | Noticed Menkaure
  5188 | D:5      | Killed Menkaure
  5189 | D:5      | Reached XP level 7. HP: 40/40 MP: 11/11
  5407 | D:5      | Noticed Ijyb
  5416 | D:5      | Killed Ijyb
  5538 | D:5      | Noticed Eustachio
  5541 | D:5      | Killed Eustachio
  5563 | D:5      | Reached skill level 5 in Short Blades
  5576 | D:5      | Identified the orb of Ytouleas {mayhem, -Tele Will+ Slay+2}
  5879 | D:5      | Mangled by an ogre

Illustrated notes

Levels and vault maps discovered:
D:1:      nagdon_arrival_double_spiral, layout_rooms
D:2:      layout_basic, ebering_ecumenical_altar_mist, serial_forest,
          infiniplex_forest_lined_3, infiniplex_forest_clump_curved,
          infiniplex_forest_clump_long, infiniplex_forest_clump_double,
          infiniplex_forest_lined_3, infiniplex_forest_corner_2,
          infiniplex_forest_straight_2
D:3:      layout_basic, nicolae_half_adder
D:4:      layout_basic, mainiacjoe_overflow_six_doors_small
D:5:      kennysheep_six_static_rooms, layout_basic, uniq_pikel, uniq_menkaure,
          uniq_eustachio, uniq_ijyb, uniq_blork_the_orc

Skill      XL: |  1  2  3  4  5  6  7 |
---------------+----------------------+-----
Stealth        | 5 6 7 |  7.8
Short Blades   | 2 3 4 5 |  5.1
Fighting       | 1 2 |  2.8
Hexes          | 4 |  4.7
Spellcasting   | 3 |  3.2
Dodging        | |  2.4

Action                     |  1- 3 |  4- 6 |  7- 9 || total
---------------------------+-------+-------+-------++-------
  Melee: Dagger            |   106 |    91 |    26 ||   223
         Punch             |       |     3 |       ||     3
   Cast: Ensorcelled Hiber |     3 |     3 |     4 ||    10
         Confusing Touch   |       |     2 |     2 ||     4
    Use: Scroll            |     8 |     5 |     2 ||    15
   Stab: Sleeping          |    24 |    14 |     3 ||    41
         Confused          |       |     3 |       ||     3
         Distracted        |       |       |     1 ||     1
 Armour: Robe              |     4 |    10 |       ||    14
  Dodge: Dodged            |    35 |    52 |    12 ||    99
